 Dungeon Crawl Stone Soup version 0.26-a0-708-g17f3b190f9 (webtiles) character file.

Game seed: 6575181394305172762

143 Chiseanne the Magician (level 5, 31/35 HPs)
             Began as a Demonspawn Hedge Wizard on Oct 28, 2020.
             Quit the game on level 3 of the Dungeon.
             The game lasted 00:08:42 (4303 turns).

Chiseanne the Magician (Demonspawn Hedge Wizard)    Turns: 4303, Time: 00:08:42

Health: 31/35      AC:  2    Str: 10    XL:     5   Next: 4%
Magic:  1/10       EV: 12    Int: 17    God:
Gold:   146        SH:  0    Dex: 12    Spells: 5/11 levels left

rFire    + . .     SeeInvis .   a - +4 dagger
rCold    + . .     Faith    .   (no shield)
rNeg     . . .     Spirit   .   b - +0 robe
rPois    .         Reflect  .   c - +0 hat
rElec    .         Harm     .   d - scarf {rC+ rF+}
rCorr    .         Rampage  .   (no gloves)
MR       .....                  (no boots)
Stlth    ++........             i - amulet of the acrobat
HPRegen  0.11/turn              (no ring)
MPRegen  0.12/turn              (no ring)

@: very slightly contaminated
A: antennae 2, demonic guardian 1, rot immunity
a: no special abilities


You were on level 3 of the Dungeon.
You visited 1 branch of the dungeon, and saw 3 of its levels.

You collected 146 gold pieces.

Inventory:

Hand Weapons
 a - a +4 dagger (weapon)
 s - a +1 short sword
 w - a +0 hunting sling
Missiles
 e - 3 stones
 m - 5 boomerangs (quivered)
 n - 25 bolts
Armour
 b - a +0 robe (worn)
 c - a +0 hat (worn)
 d - a scarf of resistance (worn)
Jewellery
 h - an uncursed ring of flight {unknown}
 i - an amulet of the acrobat (around neck)
 l - a cursed ring of stealth {unknown}
Wands
 q - a wand of flame (11)
Scrolls
 p - a scroll of amnesia
 r - 2 scrolls of identify
 u - a scroll of random uselessness {unknown}
Potions
 f - a potion of curing {unknown}
 g - 3 potions of heal wounds
 j - a potion of magic
 k - a potion of might
 o - a potion of haste {unknown}
 t - a potion of ambrosia {unknown}


   Skills:
 - Level 1.7 Dodging
 - Level 1.7 Stealth
 - Level 3.8 Spellcasting
 * Level 3.5 Conjurations
   Level 1.0 Summonings
 - Level 0.8 Translocations
 * Level 1.8 Air Magic


You had 5 spell levels left.
You knew the following spells:

 Your Spells              Type           Power        Failure   Level
a - Magic Dart            Conj           ###.         3%          1
b - Blink                 Tloc           N/A          17%         2
d - Mephitic Cloud        Conj/Pois/Air  #.......     24%         3

Your spell library contained the following spells:

 Spells                   Type           Power        Failure   Level
 Call Imp                 Summ           #.......     16%         2
 Slow                     Hex            #.......     24%         2
 Conjure Flame            Conj/Fire      #.......     24%         3


Dungeon Overview and Level Annotations

Branches:
Dungeon (3/15)

Altars:

Annotations:
D:2 Terence


Innate Abilities, Weirdness & Mutations

You have a pair of antennae on your head.
A weak demonic guardian rushes to your aid.
You are immune to rotting.


Message History

The adder misses you. The adder bites you.
Casting: Magic Dart (safe; 4% risk of failure)
Confirm with . or Enter, or press ? or * to list all spells.
Aiming: Magic Dart (safe; 4% risk of failure)
Press: ? - help, Shift-Dir - straight line, f/p - adder
Aim: an adder (severely wounded)
The magic dart hits the adder.
The adder is almost dead.
The adder bites you.
Casting: Magic Dart (safe; 4% risk of failure)
Confirm with . or Enter, or press ? or * to list all spells.
Aiming: Magic Dart (safe; 4% risk of failure)
Press: ? - help, Shift-Dir - straight line, f/p - adder
Aim: an adder (almost dead)
The magic dart hits the adder.
You kill the adder!
You have reached level 5!
Your demonic ancestry asserts itself...
You feel the presence of a demonic guardian.
Are you sure you want to abandon this character and quit the game? (Confirm with "yes".)

#######.# .........
#######.# #.# #.#
#######.# #........
###########.#####..
#.@†...... #..
#.######## #.. ###.#
####. #.##.#.### #....
#........# #.##.
####.###.# #.##. #.# #.#
########.##. #.###.#
#.o†{{{..#..
####.....####)########.#


There were no monsters in sight!

Vanquished Creatures
  An orc priest (D:3)
  4 adders
  4 worms
  2 dart slugs (D:2)
  A leopard gecko (D:3)
  10 orcs (D:3)
  A ball python (D:1)
  2 giant cockroaches
  7 goblins
  7 hobgoblins
  A quokka (D:3)
  3 bats
  A frilled lizard (D:3)
  10 kobolds
  10 rats
64 creatures vanquished.

Notes
Turn   | Place    | Note
-------+----------+-------------------------------------------
     0 | D:1      | Chiseanne the Demonspawn Hedge Wizard began the quest for
                  | the Orb.
     0 | D:1      | Reached XP level 1. HP: 13/13 MP: 4/4
   481 | D:1      | Gained mutation: You are immune to rotting. [demonic
                  | ancestry]
   481 | D:1      | Reached XP level 2. HP: 19/19 MP: 1/6
  1421 | D:2      | Gained mutation: You have a pair of small antennae on your
                  | head. [demonic ancestry]
  1421 | D:2      | Reached XP level 3. HP: 24/24 MP: 0/8
  1840 | D:2      | Noticed Terence
  1972 | D:1      | Learned a level 2 spell: Blink
  1976 | D:1      | Learned a level 3 spell: Mephitic Cloud
  2762 | D:3      | Gained mutation: You have a pair of antennae on your head.
                  | [demonic ancestry]
  2762 | D:3      | Reached XP level 4. HP: 21/30 MP: 9/9
  3263 | D:3      | Reached skill level 1 in Air Magic
  4193 | D:3      | Found a faded altar of an unknown god.
  4302 | D:3      | Gained mutation: A weak demonic guardian rushes to your
                  | aid. [demonic ancestry]
  4302 | D:3      | Reached XP level 5. HP: 31/35 MP: 1/10
  4303 | D:3      | Quit the game

Illustrated notes

Levels and vault maps discovered:
D:1:      lightli_arrival_chessboard, layout_loops_ring, minmay_tetromino_o2
D:2:      layout_basic, uniq_terence
D:3:      layout_loops_ring, chequers_ecumenical_altar_grove

Skill      XL: |  1  2  3  4 |
---------------+-------------+-----
Conjurations   | 2 3 |  3.5
Air Magic      | 1 |  1.8
Dodging        | |  1.7
Stealth        | |  1.7
Spellcasting   | |  3.8
Summonings     | |  1.0
Translocations | |  0.8

Action                   |  1- 3 |  4- 6 || total
-------------------------+-------+-------++-------
Melee: Dagger            |    28 |    51 ||    79
       Short sword       |     9 |       ||     9
Throw: Boomerang         |       |     1 ||     1
 Cast: Magic Dart        |    90 |    45 ||   135
       Mephitic Cloud    |       |     6 ||     6
  Use: Scroll            |     8 |     1 ||     9
 Stab: Sleeping          |     2 |     2 ||     4
       Confused          |       |     1 ||     1
Armor: Robe              |     6 |     2 ||     8
Dodge: Dodged            |    25 |    27 ||    52

Table legend: (Time is in decaauts)
 A = Elapsed time spent in this place.
 B = Non-inter-level travel time spent in this place.
 C = Inter-level travel time spent in this place.
 D = Time resting spent in this place.
 E = Time spent auto-exploring this place.
 F = Levels seen in this place.
 G = Mean time per level.
                   A        B        C        D        E       F      G
               +--------+--------+--------+--------+--------+-----+--------+
         Total |   4304 |   4170 |    134 |   1942 |   1528 |   3 | 1434.7 |
       Dungeon |   4304 |   4170 |    134 |   1942 |   1528 |   3 | 1434.7 |
               +--------+--------+--------+--------+--------+-----+--------+

Top non-repeatable levels by time:
     D:3: 1568 daAuts
     D:1: 1475 daAuts
     D:2: 1261 daAuts
